 Dungeon Crawl Stone Soup version 0.23-a0-629-gae4348f (webtiles) character file.

6206 tilp the Impaler (level 10, -5/70 HPs)
             Began as a Merfolk Ice Elementalist on Dec 25, 2018.
             Was a Priest of Makhleb.
             Shot with an arrow by a centaur warrior (22 damage)
             ... on level 9 of the Dungeon on Dec 26, 2018.
             The game lasted 01:10:40 (14332 turns).

tilp the Impaler (Merfolk Ice Elementalist)        Turns: 14332, Time: 01:10:41

Health: -5/70      AC: 11    Str:  9    XL:     10   Next: 92%
Magic:  9/16       EV: 15    Int: 17    God:    Makhleb [***...]
Gold:   561        SH:  0    Dex: 15    Spells: 3/17 levels left

rFire    . . .     SeeInvis .   a - +1 halberd (pain)
rCold    . . .     Gourm    .   (shield currently unavailable)
rNeg     . . .     Faith    .   u - +0 leather armour
rPois    .         Spirit   .   s - +0 helmet (curse)
rElec    .         Reflect  .   F - +0 cloak (curse)
rCorr    .         Harm     .   (no gloves)
MR       +....                  (no boots)
Stlth    ++........             (no amulet)
HPRegen  0.21/turn              t - +2 ring of evasion
MPRegen  0.15/turn              B - ring of protection from magic

@: icy armour
A: change form in water, swift swim, stealthy swim
a: Minor Destruction, Lesser Servant of Makhleb, Renounce Religion


You were on level 9 of the Dungeon.
You worshipped Makhleb.
Makhleb was most pleased with you.
You were hungry.

You visited 1 branch of the dungeon, and saw 9 of its levels.

You collected 581 gold pieces.
You spent 20 gold pieces at shops.

Inventory:

Hand Weapons
 a - a +1 halberd of pain (weapon)
 b - a +1 glaive
Missiles
 o - 8 tomahawks (quivered)
Armour
 s - a cursed +0 helmet (worn)
 u - a +0 leather armour (worn)
 F - a cursed +0 cloak (worn)
Jewellery
 t - a +2 ring of evasion (left hand)
 w - an uncursed ring of positive energy
 B - a ring of protection from magic (right hand)
Wands
 f - a wand of random effects (14)
 y - a wand of acid (7)
Scrolls
 d - 4 scrolls of remove curse
 e - 4 scrolls of enchant weapon
 g - a scroll of amnesia {unknown}
 j - a scroll of immolation
 l - a scroll of blinking
 p - a scroll of random uselessness {unknown}
 v - 4 scrolls of fog
 z - a scroll of noise {unknown}
 C - a scroll of teleportation
 D - a scroll of magic mapping {unknown}
Potions
 i - a potion of berserk rage
 k - 4 potions of agility
 m - 3 potions of heal wounds
 n - 3 potions of might
 q - a potion of cancellation
 r - 4 potions of curing
 x - a potion of lignification
 A - 2 potions of flight
Comestibles
 c - 11 rations
 h - 6 chunks of flesh


   Skills:
 + Level 3.1 Fighting
 - Level 16.0 Polearms
 - Level 4.0 Dodging
 - Level 4.0 Stealth
 - Level 4.0 Spellcasting
 - Level 0.7 Conjurations
 - Level 8.1 Ice Magic
 - Level 5.7 Invocations


You had 3 spell levels left.
You knew the following spells:

 Your Spells              Type           Power        Failure   Level  Hunger
a - Freeze                Ice            ####         1%          1    None
b - Throw Frost           Conj/Ice       ###...       5%          2    ##.....
c - Ozocubu's Armour      Chrm/Ice       ###.....     13%         3    ###....
d - Throw Icicle          Conj/Ice       ###.....     34%         4    ####...
e - Summon Ice Beast      Ice/Summ       ###.....     38%         4    ####...

Your spell library contained the following spells:

 Spells                   Type           Power        Failure   Level  Hunger
 Confusing Touch          Hex            #.....       22%         1    None
 Confuse                  Hex            #.......     54%         3    ###....
 Gell's Gravitas          Tloc           #.........   54%         3    ###....
 Metabolic Englaciation   Hex/Ice        ###.......   75%         5    ######.
 Petrify                  Tmut/Erth      #.......     91%         4    ####...
 Yara's Violent Unravell  Hex/Tmut       #.........   99%         5    ######.


Dungeon Overview and Level Annotations

Branches:
Dungeon (9/15)             Temple (0/1) D:4            Lair (0/6) D:8
    Orc: D:9-12

Altars:
Cheibriados
Dithmenos
Elyvilon
Fedhas
Kikubaaqudgha
Makhleb
Qazlal
Ru
Sif Muna
Uskayaw
Xom
The Shining One

Shops:
D:8 =   D:9 *

Annotations:
D:7 2 transporters, Joseph


Message History

Attack whom?
Press: ? - help, Dir - move target cursor, f/p - centaur warrior
Aim: a centaur warrior, wielding a +0 shortbow (lightly wounded)
You reach to attack!
You slash the centaur warrior!
The centaur warrior is moderately wounded.
Attack whom?
Press: ? - help, Dir - move target cursor, f/p - centaur warrior
Aim: a centaur warrior, wielding a +0 shortbow (moderately wounded)
The quokka is in the way.
You puncture the quokka!
You kill the quokka!
Makhleb accepts your kill.
You feel better.
The centaur warrior shoots an arrow.
The arrow hits you!
Attack whom?
Press: ? - help, Dir - move target cursor, f/p - centaur warrior
Aim: a centaur warrior, wielding a +0 shortbow (moderately wounded)
You reach to attack!
You closely miss the centaur warrior.
The centaur warrior is moderately wounded.
The centaur warrior shoots an arrow.
The arrow hits you!
A demon appears!
The centaur warrior shoots an arrow.
The arrow hits you!!
You die...

#.# .r. #.# #c# #.# #(#
#.# #(# #####'### ##.#
#.......### #.(#
#.#.###.'.# #(##
#.#...#.#.# ######(##
#.###)###.# #..@(c..#
#...#...#.# #.###4#.#
###รท#####.####.#.#...#
#.#.....#...##.#.#####
'.#####.###..'.......#
#...3...# ##########.#
#####'### #.# #.#


You could see a centaur warrior and a friendly hellwing.

Vanquished Creatures
  A two-headed ogre (D:9)
  Pikel (D:8)
  Prince Ribbit (D:8)
  2 hippogriffs
  A yak (D:8)
  A wyvern (D:6)
  A basilisk (D:8)
  Grum (D:8)
  A hungry ghost (D:6)
  2 water moccasins (D:8)
  4 ice beasts
  An orc warrior (D:7)
  2 sky beasts
  A slave (D:8)
  3 phantoms
  4 ogres
  2 wolves (D:8)
  A big kobold (D:8)
  5 bullfrogs
  6 scorpions
  4 killer bees (D:7)
  A howler monkey (D:6)
  5 crimson imps
  A bullfrog zombie (D:2)
  A centaur zombie (D:8)
  A bullfrog skeleton (D:5)
  A hound (D:6)
  Crazy Yiuf (D:7)
  7 orc priests
  A jelly (D:8)
  10 orc wizards
  A gnoll shaman (D:4)
  2 iguanas
  Terence (D:3)
  5 worker ants
  14 adders
  13 gnolls
  4 shadow imps
  An ooze (D:2)
  An adder zombie (D:5)
  4 worms
  4 dart slugs
  7 leopard geckos
  37 orcs
  A ball python (D:3)
  6 giant cockroaches
  5 goblins
  7 hobgoblins
  13 jackals
  8 quokkas
  8 bats
  5 frilled lizards
  18 kobolds
  A leopard gecko zombie (D:7)
  5 rats
245 creatures vanquished.

Vanquished Creatures (collateral kills)
  A basilisk (D:8)
  An ogre (D:9)
2 creatures vanquished.

Vanquished Creatures (others)
  3 slaves (D:8)
3 creatures vanquished.

Grand Total: 250 creatures vanquished

Notes
Turn   | Place    | Note
-------+----------+-------------------------------------------
     0 | D:1      | tilp the Merfolk Ice Elementalist began the quest for the
                  | Orb.
     0 | D:1      | Reached XP level 1. HP: 13/13 MP: 3/3
   183 | D:1      | Reached XP level 2. HP: 10/19 MP: 0/5
   190 | D:1      | Learned a level 2 spell: Throw Frost
  1021 | D:1      | Reached XP level 3. HP: 15/24 MP: 1/6
  1576 | D:2      | Found a stormy altar of Qazlal.
  1880 | D:2      | Reached skill level 5 in Ice Magic
  2019 | D:2      | Reached XP level 4. HP: 19/30 MP: 2/7
  2241 | D:2      | Noticed a bullfrog
  2354 | D:2      | Found an ancient bone altar of Kikubaaqudgha.
  2412 | D:2      | Learned a level 3 spell: Ozocubu's Armour
  2446 | D:2      | Found a burning altar of Makhleb.
  2462 | D:2      | Became a worshipper of Makhleb the Destroyer
  2768 | D:2      | Reached XP level 5. HP: 35/35 MP: 3/8
  3193 | D:2      | Reached skill level 1 in Fighting
  3374 | D:3      | Found a sacrificial altar of Ru.
  3394 | D:3      | Reached XP level 6. HP: 35/44 MP: 3/9
  3758 | D:3      | You fall through a shaft for 3 floors!
  3815 | D:5      | Entered Level 5 of the Dungeon
  3934 | D:5      | Found a blossoming altar of Fedhas.
  3937 | D:5      | Found a white marble altar of Elyvilon.
  4112 | D:5      | Noticed a sky beast
  4374 | D:3      | Noticed Terence
  4414 | D:3      | Killed Terence
  4528 | D:3      | Reached * piety under Makhleb
  4675 | D:3      | Reached XP level 7. HP: 48/50 MP: 7/12
  6136 | D:4      | Reached ** piety under Makhleb
  6361 | D:4      | Found a snail-covered altar of Cheibriados.
  6424 | D:4      | Found a shadowy altar of Dithmenos.
  6539 | D:4      | Reached XP level 8. HP: 55/56 MP: 3/14
  6639 | D:3      | Found a glowing golden altar of the Shining One.
  6714 | D:4      | Reached skill level 1 in Polearms
  6720 | D:4      | Reached skill level 2 in Polearms
  6987 | D:4      | Found a staircase to the Ecumenical Temple.
  7367 | D:5      | Reached skill level 3 in Polearms
  7453 | D:4      | Reached skill level 4 in Polearms
  7572 | D:5      | Reached skill level 5 in Polearms
  7647 | D:5      | Found a shimmering altar of Xom.
  7662 | D:5      | Reached skill level 6 in Polearms
  7807 | D:5      | Found a white marble altar of Elyvilon.
  7857 | D:5      | Reached skill level 7 in Polearms
  8612 | D:6      | Reached skill level 8 in Polearms
  8652 | D:6      | Reached skill level 9 in Polearms
  8678 | D:6      | Reached XP level 9. HP: 42/61 MP: 6/15
  8785 | D:6      | Reached skill level 10 in Polearms
  9269 | D:6      | Found a blossoming altar of Fedhas.
  9461 | D:7      | Found a transporter.
  9486 | D:6      | Reached skill level 11 in Polearms
  9501 | D:7      | Noticed Joseph
  9651 | D:7      | Reached skill level 12 in Polearms
  9788 | D:7      | Found a runed door.
  9792 | D:7      | Noticed Crazy Yiuf
  9799 | D:7      | Killed Crazy Yiuf
 10236 | D:7      | Reached skill level 13 in Polearms
 10253 | D:7      | Found a transporter.
 10540 | D:7      | Reached *** piety under Makhleb
 11416 | D:8      | Found Tabreniyg's Jewellery Shoppe.
 11422 | D:8      | Bought a cursed -3 ring of intelligence for 20 gold pieces
 11544 | D:8      | Noticed Grum
 11568 | D:8      | Killed Grum
 11568 | D:8      | Reached skill level 14 in Polearms
 11568 | D:8      | Reached XP level 10. HP: 29/67 MP: 1/16
 12068 | D:8      | Reached skill level 15 in Polearms
 12102 | D:8      | Found a deep blue altar of Sif Muna.
 12121 | D:8      | Found a hide-covered altar of Uskayaw.
 12140 | D:8      | Noticed Prince Ribbit
 12145 | D:8      | Noticed a two-headed ogre
 12634 | D:8      | Found a staircase to the Lair.
 13081 | D:8      | Killed Prince Ribbit
 13191 | D:8      | Learned a level 4 spell: Throw Icicle
 13196 | D:8      | Learned a level 4 spell: Summon Ice Beast
 13307 | D:8      | Reached skill level 16 in Polearms
 13477 | D:8      | Noticed Pikel
 13500 | D:8      | Killed Pikel
 14019 | D:9      | Found Utsoithry's Assorted Antiques.
 14078 | D:9      | Noticed a two-headed ogre
 14086 | D:9      | Killed a two-headed ogre
 14086 | D:9      | Reached skill level 5 in Invocations
 14308 | D:9      | Noticed a centaur warrior
 14332 | D:9      | Shot with an arrow by a centaur warrior

Vault maps used:
D:1:      saegor_arrival_miasma, serial_bayou_crossing
D:2:      nicolae_qazlal_general_emergency, lightli_temple_of_fire,
          kiku_gazebo_garden_becter
D:3:      nicolae_overflow_hidden_temple, nicolae_ru_great_annihilating_truth,
          minmay_diced_spiral, uniq_terence
D:4:      cheibriados_altar_1, minmay_temple_entry_enclosed_plants,
          grunt_dithmenos_shadows
D:5:      grunt_temple_overflow_open, lemuel_crystal_altar, first_ration,
          elyvilon_altar_1
D:6:      basic_altar, minmay_chambers_of_fives
D:7:      gammafunk_cloud_chamber, uniq_crazy_yiuf_cottage, uniq_joseph
D:8:      lemuel_round_altar, old_standard_altar, david_lair_generic,
          serial_shops, nicolae_shop_stone, minmay_small_thing, uniq_pikel,
          uniq_grum, uniq_prince_ribbit1
D:9:      serial_shops, kennysheep_little_box

Skill      XL: |  1  2  3  4  5  6  7  8  9 10 |
---------------+-------------------------------+-----
Ice Magic      | 4 5 6 7 8 |  8.1
Fighting       | 2 3 |  3.1
Dodging        | 4 |  4.0
Spellcasting   | 3 4 |  4.0
Stealth        | 3 4 |  4.0
Polearms       | 9 14 16 | 16.0
Invocations    | 5 |  5.7
Conjurations   | |  0.7

Action                   |  1- 3 |  4- 6 |  7- 9 | 10-12 || total
-------------------------+-------+-------+-------+-------++-------
Melee: Unarmed           |    20 |       |       |       ||    20
       Dagger            |     7 |     4 |    23 |       ||    34
       Glaive            |       |    12 |   133 |     6 ||   151
       Halberd           |       |       |    53 |   161 ||   214
Throw: Stone             |    19 |    10 |    15 |       ||    44
       Tomahawk          |       |       |    17 |     6 ||    23
 Cast: Freeze            |    35 |    82 |   173 |    23 ||   313
       Throw Frost       |    35 |    13 |    68 |    18 ||   134
       Ozocubu's Armour  |       |     2 |    19 |    19 ||    40
Invok: Lesser Servant of |       |       |       |     5 ||     5
       Minor Destruction |       |       |       |     2 ||     2
Evoke: Wand              |       |       |       |     6 ||     6
  Use: Scroll            |       |     1 |    10 |     4 ||    15
       Potion            |       |       |     1 |       ||     1
 Stab: Sleeping          |       |     3 |     4 |     3 ||    10
       Distracted        |       |       |     1 |     2 ||     3
  Eat: Chunk             |     6 |     7 |    22 |     7 ||    42
       Ration            |       |     1 |     2 |     1 ||     4
Armor: Robe              |     7 |     9 |     2 |       ||    18
       Leather armour    |       |       |    69 |    41 ||   110
Dodge: Dodged            |    37 |    52 |   232 |   104 ||   425

Table legend:
 A = Non-vault XP
 B = Vault XP
 C = Vault XP percentage of total XP
 D = Non-vault monster count
 E = Vault monster count
 F = Vault count percentage of total count
                 A         B        C        D         E       F
            +---------+---------+-------+---------+---------+-------
      Total |    5906 |    2961 |  33.4 |     220 |      26 |  10.6
            +---------+---------+-------+---------+---------+-------
        D:1 |      48 |       0 |   0.0 |      27 |       0 |   0.0
        D:2 |     213 |       0 |   0.0 |      25 |       0 |   0.0
        D:3 |     213 |     101 |  32.2 |      31 |       9 |  22.5
        D:4 |     863 |       0 |   0.0 |      33 |       0 |   0.0
        D:5 |     576 |       0 |   0.0 |      21 |       0 |   0.0
        D:6 |     605 |     585 |  49.2 |      14 |       5 |  26.3
        D:7 |    1284 |      41 |   3.1 |      32 |       1 |   3.0
        D:8 |    1156 |    2234 |  65.9 |      29 |      11 |  27.5
        D:9 |     948 |       0 |   0.0 |       8 |       0 |   0.0
            +---------+---------+-------+---------+---------+-------
